 Dungeon Crawl Stone Soup version 0.21.0-3-g78d12a8 (webtiles) character file.

810 raph the Cruncher (level 7, -2/56 HPs)
             Began as a Gnoll Wanderer on Jan 14, 2018.
             Slain by a phantom (6 damage)
             ... on level 6 of the Dungeon.
             The game lasted 00:09:40 (3377 turns).

raph the Cruncher (Gnoll Wanderer)                  Turns: 3377, Time: 00:09:40

Health: -2/56      AC:  8    Str: 21    XL:     7   Next: 92%
Magic:  11/11      EV: 12    Int: 18    God:
Gold:   165        SH:  0    Dex: 16    Spells: 11/11 levels left

rFire    . . .     SeeInvis .   a - +2 quarterstaff
rCold    . . .     Gourm    .   (shield currently unavailable)
rNeg     . . .     Faith    .   D - +0 scale mail
rPois    .         Spirit   .   (no helmet)
rElec    .         Reflect  .   (no cloak)
rCorr    .         Harm     .   B - +1 pair of gloves
MR       .....                  (no boots)
Stlth    +.........             (no amulet)
HPRegen  0.18/turn              (no ring)
MPRegen  0.12/turn              (no ring)

@: mighty, brilliant
A: distributed training, fangs 1, strong nose
a: no special abilities


You were on level 6 of the Dungeon.
You were very hungry.

You visited 1 branch of the dungeon, and saw 6 of its levels.
You also visited: Sewer.

You collected 165 gold pieces.

Inventory:

Hand Weapons
 a - a +2 quarterstaff (weapon)
 b - a +0 hunting sling
 m - a +0 dagger of draining
 w - a +0 spear
Missiles
 k - 25 poisoned needles
 t - 6 javelins of penetration (quivered)
 x - 36 stones
 A - 23 sling bullets
Armour
 d - a +0 robe
 j - a +0 buckler
 s - a +1 pair of gloves
 u - a +1 ring mail
 B - a +1 pair of gloves (worn)
 D - a +0 scale mail (worn)
Jewellery
 h - an uncursed ring of flight {unknown}
Wands
 i - a wand of polymorph (14)
 y - a wand of paralysis (12)
 C - a wand of random effects (12)
Scrolls
 n - 3 scrolls of enchant weapon
 o - 2 scrolls of amnesia
 p - 5 scrolls of teleportation
 q - a scroll of fear
 v - 2 scrolls of fog
 z - 2 scrolls of remove curse
Potions
 e - 2 potions of magic
 g - a potion of brilliance
 l - 2 potions of curing
 r - a potion of might
 E - a potion of heal wounds {unknown}
Miscellaneous
 c - a lamp of fire
Comestibles
 f - 7 rations


   Skills:
 + Level 5.4 Fighting
 + Level 2.7 Short Blades
 + Level 2.7 Long Blades
 + Level 2.7 Axes
 + Level 2.7 Maces & Flails
 + Level 2.7 Polearms
 + Level 9.0 Staves
 + Level 2.7 Slings
 + Level 2.7 Bows
 + Level 2.7 Crossbows
 + Level 2.7 Throwing
 + Level 2.7 Armour
 + Level 3.8 Dodging
 + Level 3.6 Stealth
 + Level 2.7 Shields
 + Level 2.7 Unarmed Combat
 + Level 2.7 Spellcasting
 + Level 2.2 Conjurations
 + Level 2.2 Hexes
 + Level 2.2 Charms
 + Level 2.2 Summonings
 + Level 2.2 Necromancy
 + Level 2.2 Translocations
 + Level 2.2 Transmutations
 + Level 2.2 Fire Magic
 + Level 2.2 Ice Magic
 + Level 2.2 Air Magic
 + Level 2.2 Earth Magic
 + Level 2.2 Poison Magic
 + Level 3.0 Invocations
 + Level 5.4 Evocations


You had 11 spell levels left.
You didn't know any spells.

Dungeon Overview and Level Annotations

Branches:
Dungeon (6/15)
 Temple: D:4-7

Altars:

Annotations:
D:4 Pikel; Swippen's ghost, amateur GnBe
D:5 Dowan; Duvessa


Innate Abilities, Weirdness & Mutations

Your experience applies equally to all skills.
You have very sharp teeth.
Your uncanny sense of smell can sniff out nearby items.


Message History

You barely miss the phantom.
The phantom is heavily damaged.
The phantom misses you.
You thump the phantom! Your bite misses the phantom.
The phantom is severely damaged.
You are feeling very hungry.
The phantom barely misses you.
Found a stone staircase leading down.
Found a stone staircase leading up.
The phantom blinks!
The phantom blinks!
Your scale mail prevents you from hitting the phantom.
Your bite misses the phantom.
The phantom is heavily damaged.
The phantom hits you!
* * * LOW HITPOINT WARNING * * *
You sock the phantom!
The phantom is almost destroyed.
The phantom hits you.
You die...

# ## #. ##. ###### #.. #.....#
#######.# .......## ##.......#
........#############..#.#####
........#...W@...........#
.........ยง###########..###
......(...|)...##.....###
........######.......<..#
........# ####.#####.#
........# #.# #.# ........#
#.# #.# ........# #.# #.#
........### ##.# #.#


You could see a phantom.

Vanquished Creatures
  Sigmund (D:3)
  An orc warrior (D:6)
  An ogre (D:6)
  A phantom (D:3)
  3 hounds
  An orc priest (D:6)
  Ijyb (D:3)
  9 adders
  3 gnolls (D:6)
  2 river rats (Sewer)
  An ooze (D:2)
  4 worms
  2 dart slugs
  3 leopard geckos
  3 orcs
  8 ball pythons
  5 bats
  3 giant cockroaches
  11 goblins
  11 hobgoblins
  6 jackals
  7 kobolds
  A quokka (D:3)
  8 frilled lizards
  13 rats
109 creatures vanquished.

Notes
Turn   | Place    | Note
-------+----------+-------------------------------------------
     0 | D:1      | raph the Gnoll Wanderer began the quest for the Orb.
     0 | D:1      | raph set off with: a lamp of fire, a +0 spear, a +0 quarterstaff, a +0 robe, a ration
     0 | D:1      | Reached XP level 1. HP: 20/20 MP: 3/3
   167 | D:1      | Reached XP level 2. HP: 20/26 MP: 5/5
   702 | D:1      | Reached XP level 3. HP: 31/31 MP: 6/6
  1096 | D:2      | Reached skill level 1 in Invocations
  1227 | D:2      | Reached skill level 1 in Short Blades
  1227 | D:2      | Reached skill level 1 in Long Blades
  1227 | D:2      | Reached skill level 1 in Axes
  1227 | D:2      | Reached skill level 1 in Maces & Flails
  1227 | D:2      | Reached skill level 1 in Polearms
  1227 | D:2      | Reached skill level 1 in Slings
  1227 | D:2      | Reached skill level 1 in Bows
  1227 | D:2      | Reached skill level 1 in Crossbows
  1227 | D:2      | Reached skill level 1 in Throwing
  1227 | D:2      | Reached skill level 1 in Armour
  1227 | D:2      | Reached skill level 1 in Shields
  1227 | D:2      | Reached skill level 1 in Unarmed Combat
  1227 | D:2      | Reached skill level 1 in Spellcasting
  1324 | D:2      | Reached XP level 4. HP: 38/38 MP: 7/7
  1767 | D:3      | Reached skill level 1 in Conjurations
  1767 | D:3      | Reached skill level 1 in Hexes
  1767 | D:3      | Reached skill level 1 in Charms
  1767 | D:3      | Reached skill level 1 in Summonings
  1767 | D:3      | Reached skill level 1 in Necromancy
  1767 | D:3      | Reached skill level 1 in Translocations
  1767 | D:3      | Reached skill level 1 in Transmutations
  1767 | D:3      | Reached skill level 1 in Fire Magic
  1767 | D:3      | Reached skill level 1 in Ice Magic
  1767 | D:3      | Reached skill level 1 in Air Magic
  1767 | D:3      | Reached skill level 1 in Earth Magic
  1767 | D:3      | Reached skill level 1 in Poison Magic
  1787 | D:3      | Reached XP level 5. HP: 38/43 MP: 8/8
  1834 | D:3      | Noticed Sigmund
  1881 | D:3      | Killed Sigmund
  1881 | D:3      | Reached XP level 6. HP: 23/50 MP: 9/9
  2063 | D:3      | Noticed a phantom
  2112 | D:3      | Killed a phantom
  2112 | D:3      | Reached skill level 5 in Fighting
  2112 | D:3      | Reached skill level 5 in Evocations
  2449 | D:3      | Noticed Ijyb
  2464 | D:3      | Killed Ijyb
  2582 | D:4      | Reached XP level 7. HP: 50/56 MP: 10/10
  2640 | D:4      | Noticed Swippen's ghost (amateur GnBe)
  2655 | D:4      | Noticed Pikel
  2658 | D:5      | Entered Level 5 of the Dungeon
  2765 | D:5      | Noticed Dowan
  2768 | D:5      | Noticed Duvessa
  2828 | D:6      | Found a glowing drain.
  2874 | Sewer    | Entered a sewer
  3328 | D:6      | Reached skill level 9 in Staves
  3377 | D:6      | Slain by a phantom

Skill      XL: |  1  2  3  4  5  6  7 |
---------------+----------------------+-----
Invocations    | 1 2 3 |  3.0
Short Blades   | 1 2 |  2.7
Long Blades    | 1 2 |  2.7
Axes           | 1 2 |  2.7
Maces & Flails | 1 2 |  2.7
Polearms       | 1 2 |  2.7
Slings         | 1 2 |  2.7
Bows           | 1 2 |  2.7
Crossbows      | 1 2 |  2.7
Throwing       | 1 2 |  2.7
Armour         | 1 2 |  2.7
Shields        | 1 2 |  2.7
Unarmed Combat | 1 2 |  2.7
Spellcasting   | 1 2 |  2.7
Conjurations   | 1 2 |  2.2
Hexes          | 1 2 |  2.2
Charms         | 1 2 |  2.2
Summonings     | 1 2 |  2.2
Necromancy     | 1 2 |  2.2
Translocations | 1 2 |  2.2
Transmutations | 1 2 |  2.2
Fire Magic     | 1 2 |  2.2
Ice Magic      | 1 2 |  2.2
Air Magic      | 1 2 |  2.2
Earth Magic    | 1 2 |  2.2
Poison Magic   | 1 2 |  2.2
Dodging        | 3 |  3.8
Stealth        | 3 |  3.6
Fighting       | 5 |  5.4
Evocations     | 5 |  5.4
Staves         | 9 |  9.0

Action                   |  1- 3 |  4- 6 |  7- 9 || total
-------------------------+-------+-------+-------++-------
Melee: Quarterstaff      |    85 |   100 |   125 ||   310
       Bite              |     4 |     8 |    15 ||    27
       Unarmed           |       |     8 |       ||     8
 Fire: Hunting sling     |       |    27 |       ||    27
  Use: Scroll            |       |    12 |     1 ||    13
       Potion            |       |     1 |     3 ||     4
 Stab: Sleeping          |     3 |       |     2 ||     5
  Eat: Chunk             |     1 |     4 |     2 ||     7
Armor: Robe              |    13 |       |       ||    13
       Ring mail         |       |    36 |       ||    36
       Skin              |       |     1 |       ||     1
       Scale mail        |       |     7 |    40 ||    47
Dodge: Dodged            |    59 |    59 |    54 ||   172
